 Dungeon Crawl Stone Soup version 0.31-a0-640-g39d97e502b (webtiles) character file.

Game seed: 7215979899029466380

212 qw the Shooter (level 5, -1/33 HPs)
             Began as a Gargoyle Hunter on Aug 27, 2023.
             Slain by Pikel
             ... wielding a +0 whip of freezing
              (7 damage)
             ... on level 4 of the Dungeon.
             The game lasted 00:01:05 (2640 turns).

qw the Shooter (Gargoyle Hunter)                    Turns: 2640, Time: 00:01:06

Health: -1/33      AC: 11    Str: 19    XL:     5   Next: 90%
Magic:  5/5        EV: 11    Int:  8    God:
Gold:   121        SH:  0    Dex: 14    Spells: 4/4 levels left

rFire   . . .        Y - +1 shortbow (flame)
rCold   . . .        (shield currently unavailable)
rNeg    + . .        g - +0 ring mail
rPois   inf          (no helmet)
rElec   +            (no cloak)
rCorr   .            c - +1 pair of gloves
SInv    .            (no boots)
Will    .....        (no amulet)
Stlth   ++           (no ring)
HPRegen 0.25/turn    (no ring)
MPRegen 0.09/turn

%: clarity
@: no status effects
A: sickness immunity, AC +4, negative energy resistance 1, electricity
resistance, torment resistance 1, petrification resistance, camouflage 1,
clarity, strong 1, evolution 1
a: no special abilities


You were on level 4 of the Dungeon.
You visited 1 branch of the dungeon, and saw 4 of its levels.

You collected 121 gold pieces.


Innate Abilities, Weirdness & Mutations

You are immune to sickness and miasma.
Your stone body is resilient. (AC +4)
You are immune to poison.
You resist negative energy. (rN+)
You are resistant to electric shocks. (rElec)
You are resistant to unholy torment.
You are immune to petrification.
Your skin changes colour to match your surroundings (Stealth+).
You possess an exceptional clarity of mind.
Your muscles are strong. (Str +4, Int/Dex -1)
You have hidden genetic potential.


   Skills:
 + Level 3.7 Fighting
 - Level 6.0 Ranged Weapons
 - Level 1.7 Armour
 - Level 1.5 Dodging
 - Level 1.1 Stealth


You had 4 spell levels left.
You didn't know any spells.
Your spell library was empty.

Inventory:

Hand Weapons
 Y - a +1 shortbow of flaming (weapon)
Armour
 c - a +1 pair of gloves (worn)
 g - a +0 ring mail (worn)
Scrolls
 h - a scroll of identify
Potions
 d - a potion of magic {unknown}
 e - 2 potions of mutation
 f - a potion of degeneration {unknown}
 j - a potion of might {unknown}

Dungeon Overview and Level Annotations

Branches:
Dungeon (4/15)
 Temple: D:4-7

Altars:

Annotations:
D:4 Pikel


Message History

The arrow burns the lemure.
The lemure is severely wounded.
The iguana bites you.
Pikel hits you with a +0 whip of freezing!
Pikel freezes you.
2633 ||| DRINKING potion of heal wounds.
You feel much better. The iguana barely misses you. The lemure misses you.
Pikel barely misses you.
You shoot an arrow. The arrow hits the lemure.
The arrow burns the lemure.
The lemure is moderately wounded.
The iguana bites you but does no damage.
The lemure hits you but does no damage. Pikel hits you but does no damage.
You shoot an arrow. The arrow barely misses the lemure.
The lemure hits you. The iguana closely misses you. Pikel closely misses you.
You shoot an arrow. The arrow hits the lemure.
The arrow burns the lemure.
The lemure is moderately wounded.
The lemure barely misses you. The iguana bites you! Pikel closely misses you.
You shoot an arrow. The arrow hits the lemure.
The arrow burns the lemure.
The lemure is heavily wounded.
The lemure barely misses you. The iguana closely misses you.
Pikel barely misses you. The iguana bites you! The lemure misses you.
You shoot an arrow. The arrow hits the lemure.
The arrow burns the lemure.
The lemure is severely wounded.
Pikel hits you but does no damage. The iguana closely misses you.
The lemure barely misses you.
Pikel hits you with a +0 whip of freezing.
Pikel freezes you.
You shoot an arrow. The arrow barely misses the lemure.
The arrow hits the lemure.
The arrow burns the lemure.
The lemure is moderately wounded.
The lemure misses you.
Pikel hits you with a +0 whip of freezing.
Pikel freezes you.
You shoot an arrow.
The arrow hits the lemure but does no damage.
The lemure is severely wounded.
The lemure hits you but does no damage.
Pikel hits you with a +0 whip of freezing!
You die...
Pikel says, "Another soul for the market."

# ..#...#......
..#...#........
....#........
#......# #....#
#..<.# #..55#
##.#..5K#
#.....l5@#
$.########


You could see Pikel, 4 lemures and an iguana.

Vanquished Creatures
  An iguana (D:4)
  2 orc wizards
  2 adders
  3 gnolls (D:2)
  A worm (D:3)
  A dart slug (D:3)
  3 orcs (D:2)
  3 ball pythons
  5 endoplasms
  5 giant cockroaches
  14 goblins
  9 hobgoblins
  4 quokkas
  7 bats
  3 frilled lizards
  6 kobolds
  11 rats
80 creatures vanquished.

Notes
Turn   | Place    | Note
-------+----------+-------------------------------------------
     0 | D:1      | qw the Gargoyle Hunter began the quest for the Orb.
     0 | D:1      | Reached XP level 1. HP: 12/12 MP: 1/1
     0 | D:1      | 0 ||| qw: Version: 0.3-a-74-g0d5e918
     0 | D:1      | 0 ||| qw: Game counter: 95
     0 | D:1      | 0 ||| qw: Melee chars always use a shield: true
     0 | D:1      | 0 ||| qw: God list: Okawaru
     0 | D:1      | 0 ||| qw: Allow faded altars: false
     0 | D:1      | 0 ||| qw: Do Orc after clearing Dungeon:15 true
     0 | D:1      | 0 ||| qw: Do second Lair branch before Depths: true
     0 | D:1      | 0 ||| qw: Lair rune preference: random
     0 | D:1      | 0 ||| qw: Goals: Normal
     0 | D:1      | 0 ||| PLANNING D:1-11
    93 | D:1      | Reached XP level 2. HP: 17/17 MP: 2/2
   414 | D:1      | Reached XP level 3. HP: 21/21 MP: 3/3
   489 | D:1      | Reached skill level 5 in Ranged Weapons
   885 | D:1      | 885 ||| READING scroll labelled GANWE KAEDYNIH.
   886 | D:1      | 886 ||| READING scroll labelled OCSAADDYWK.
   887 | D:1      | 887 ||| READING scroll labelled JOMAGA EFAMO.
   888 | D:1      | 888 ||| READING scroll labelled TOJEJY UTZONEL.
   889 | D:1      | 889 ||| READING scroll labelled TUIBBUGHAL.
   890 | D:1      | 890 ||| DROPPING scroll of butterflies.
   992 | D:2      | Reached skill level 3 in Fighting
   997 | D:2      | Reached XP level 4. HP: 28/28 MP: 4/4
  1679 | D:2      | 1679 ||| UPGRADING to +0 ring mail.
  1689 | D:2      | 1689 ||| DROPPING +0 leather armour.
  1690 | D:2      | 1690 ||| READING scroll labelled QIFUHO ZOHIL.
  1791 | D:2      | 1791 ||| DRINKING 2 silvery potions.
  1792 | D:2      | 1792 ||| DRINKING 3 viscous coppery potions.
  1792 | D:2      | Gained mutation: Your muscles are strong. (Str +4, Int/Dex
                  | -1) [potion of mutation]
  1792 | D:2      | Gained mutation: Your skin changes colour to match your
                  | surroundings (Stealth+). [potion of mutation]
  1792 | D:2      | Gained mutation: You have hidden genetic potential. [potion
                  | of mutation]
  1793 | D:2      | 1793 ||| DROPPING potion of brilliance.
  1829 | D:3      | 1829 ||| STAIRDANCE
  1845 | D:3      | 1845 ||| STAIRDANCE
  1859 | D:3      | 1859 ||| STAIRDANCE
  1870 | D:3      | 1870 ||| STAIRDANCE
  1876 | D:2      | Reached skill level 1 in Armour
  1876 | D:2      | Reached XP level 5. HP: 17/32 MP: 5/5
  1957 | D:3      | 1957 ||| STAIRDANCE
  2002 | D:3      | 2002 ||| STAIRDANCE
  2061 | D:3      | 2061 ||| STAIRDANCE
  2063 | D:3      | 2063 ||| STAIRDANCE
  2065 | D:3      | 2065 ||| STAIRDANCE
  2137 | D:3      | Gained mutation: You possess an exceptional clarity of
                  | mind. [hidden potential]
  2230 | D:3      | Reached skill level 6 in Ranged Weapons
  2581 | D:3      | 2581 ||| UPGRADING to +0 pair of gloves.
  2586 | D:3      | 2586 ||| READING scroll labelled KUISAENNEPT.
  2587 | D:3      | 2587 ||| READING scroll labelled KUBEUKHE TIXT.
  2609 | D:3      | 2609 ||| READING 2 scrolls labelled KEFANA BAHU.
  2610 | D:3      | 2610 ||| READING scroll of enchant armour.
  2610 | D:3      | 2610 ||| ENCHANTING +0 pair of gloves.
  2611 | D:3      | 2611 ||| READING scroll labelled MIPESA KEVVUAC.
  2612 | D:3      | 2612 ||| DRINKING 2 murky grey potions.
  2619 | D:4      | Noticed a lemure
  2620 | D:4      | Noticed a lemure
  2621 | D:4      | 2621 ||| Stepping ~*~*~tactically~*~*~ (retreating).
  2621 | D:4      | Noticed Pikel
  2622 | D:4      | 2622 ||| Stepping ~*~*~tactically~*~*~ (retreating).
  2623 | D:4      | 2623 ||| RETREATING.
  2625 | D:4      | Noticed a lemure
  2626 | D:4      | 2626 ||| Stepping ~*~*~tactically~*~*~ (retreating).
  2627 | D:4      | 2627 ||| Stepping ~*~*~tactically~*~*~ (retreating).
  2630 | D:4      | Noticed a lemure
  2632 | D:4      | HP: 8/33 [Pikel/+0 whip of freezing (3)]
  2633 | D:4      | 2633 ||| DRINKING potion of heal wounds.
  2639 | D:4      | HP: 7/33 [Pikel/+0 whip of freezing (5)]
  2640 | D:4      | Slain by Pikel

Levels and vault maps discovered:
D:1:      dpeg_arrival_rooms_with_view, layout_loops_corners
D:2:      layout_basic, corexii_leaking_fountain, kennysheep_generic_room_11
D:3:      layout_rooms, minmay_fractal_squares_5
D:4:      layout_loops_cross, gammafunk_ghost_grave, hex_medium, uniq_pikel

Skill      XL: |  1  2  3  4  5 |
---------------+----------------+-----
Ranged Weapons | 5 6 |  6.0
Fighting       | 3 |  3.7
Armour         | 1 |  1.7
Dodging        | |  1.5
Stealth        | |  1.1

Action                     |  1- 3 |  4- 6 || total
---------------------------+-------+-------++-------
   Fire: Shortbow          |    72 |   154 ||   226
    Use: Scroll            |     5 |     6 ||    11
         Potion            |       |     4 ||     4
 Armour: Leather armour    |     5 |     3 ||     8
         Ring mail         |       |    53 ||    53
  Dodge: Dodged            |    10 |    85 ||    95

Table legend:
 A = Non-vault XP
 B = Vault XP
 C = Vault XP percentage of total XP
 D = Non-vault monster count
 E = Vault monster count
 F = Vault count percentage of total count
                 A         B        C        D         E       F
            +---------+---------+-------+---------+---------+-------
      Total |     293 |      11 |   3.6 |      73 |       7 |   8.8
            +---------+---------+-------+---------+---------+-------
        D:1 |      41 |       3 |   6.8 |      26 |       2 |   7.1
        D:2 |     134 |       3 |   2.2 |      29 |       2 |   6.5
        D:3 |      79 |       5 |   6.0 |      17 |       3 |  15.0
        D:4 |      39 |       0 |   0.0 |       1 |       0 |   0.0
            +---------+---------+-------+---------+---------+-------
